 Dungeon Crawl Stone Soup version 0.27-a0-1144-g0b7d3b79db (webtiles) character file.

Game seed: 8973001368321810162

3563 siradein the Destroyer (level 9, -4/45 HPs)
             Began as a Deep Elf Conjurer on May 10, 2021.
             Was a Follower of Vehumet.
             Shot with an arrow by a centaur warrior (25 damage)
             ... on level 8 of the Dungeon.
             The game lasted 00:41:49 (9065 turns).

siradein the Destroyer (Deep Elf Conjurer)          Turns: 9065, Time: 00:41:49

Health: -4/45      AC:  7    Str:  4    XL:     9   Next: 83%
Magic:  30/34      EV: 10    Int: 27    God:    Vehumet [*.....]
Gold:   25         SH:  3    Dex: 13    Spells: 15/29 levels left

rFire    . . .     SeeInvis +   u - +2 rapier (drain)
rCold    . . .     Faith    .   I - +0 buckler
rNeg     . . .     Spirit   .   H - +0 leather armour {Will+}
rPois    .         Reflect  .   (no helmet)
rElec    .         Harm     .   (no cloak)
rCorr    .         Rampage  .   K - +2 pair of gloves
Will     +....                  J - +0 pair of boots {Stlth+}
Stlth    +++.......             (no amulet)
HPRegen  0.15/turn              x - ring of magical power
MPRegen  0.24/turn              L - ring of see invisible

@: no status effects
A: no striking features
a: Renounce Religion


You were on level 8 of the Dungeon.
You worshipped Vehumet.
Vehumet was aware of your devotion.
You visited 1 branch of the dungeon, and saw 8 of its levels.

You collected 331 gold pieces.
You spent 306 gold pieces at shops.

Inventory:

Hand Weapons
 u - a +2 rapier of draining (weapon)
Missiles
 E - a curare-tipped dart
Armour
 o - a +2 kite shield
 F - +0 swamp dragon scales
 H - a +0 leather armour of willpower (worn)
 I - a +0 buckler (worn)
 J - a +0 pair of boots of stealth (worn)
 K - a +2 pair of gloves (worn)
Magical Staves
 e - a staff of air
Jewellery
 i - a ring of resist corrosion
 r - a ring of protection from fire
 x - a ring of magical power (left hand)
 B - a ring of flight
 C - a ring of protection from fire
 L - a ring of see invisible (right hand)
Wands
 f - a wand of iceblast (5)
 s - a wand of flame (10)
 G - a wand of polymorph (7)
Scrolls
 a - 5 scrolls of identify
 d - 7 scrolls of amnesia
 g - a scroll of enchant weapon {unknown}
 h - 2 scrolls of holy word {unknown}
 l - a scroll of brand weapon {unknown}
 m - 3 scrolls of teleportation {unknown}
 p - 3 scrolls of noise {unknown}
 y - a scroll of vulnerability {unknown}
 z - a scroll of fear {unknown}
 A - a scroll of fog {unknown}
Potions
 b - a potion of attraction {unknown}
 c - 2 potions of berserk rage
 j - 2 potions of curing
 k - 3 potions of heal wounds
 n - 5 potions of flight
 q - 3 potions of haste
 t - 3 potions of invisibility
 v - 2 potions of mutation
 w - a potion of brilliance {unknown}
 D - a potion of magic {unknown}


   Skills:
 - Level 2.4 Dodging
 - Level 2.4 Stealth
 + Level 10.9 Spellcasting
 * Level 12.9 Conjurations


You had 15 spell levels left.
You knew the following spells:

 Your Spells              Type           Power      Damage    Failure   Level
a - Magic Dart            Conj           100%       1d8       1%          1
b - Searing Ray           Conj           100%       3d7       1%          2
c - Dazzling Flash        Conj/Hex       98%        N/A       2%          3
d - Fulminant Prism       Conj/Hex       24%        3d13      9%          4
e - Iskenderun's Mystic   Conj/Tloc      49%        2d11      9%          4

Your spell library contained the following spells:

 Spells                   Type           Power      Damage    Failure   Level
 Shock                    Conj/Air       100%       1d9       1%          1
 Animate Skeleton         Necr           28%        N/A       12%         1
 Apportation              Tloc           28%        N/A       12%         1
 Corona                   Hex            15%        N/A       12%         1
 Pain                     Necr           56%        1d6       12%         1
 Summon Small Mammal      Summ           56%        N/A       12%         1
 Ensorcelled Hibernation  Hex/Ice        28%        N/A       19%         2
 Confusing Touch          Hex            14%        N/A       34%         3
 Tukima's Dance           Hex            14%        N/A       34%         3
 Vampiric Draining        Necr           7%         2d7       34%         3
 Animate Dead             Necr           7%         N/A       75%         4
 Agony                    Necr           14%        N/A       97%         5


Dungeon Overview and Level Annotations

Branches:
Dungeon (8/15)             Temple (0/1) D:7            Lair (0/6) D:8

Altars:
Ashenzari
Elyvilon
Okawaru
Qazlal
Ru
Uskayaw
Vehumet
Yredelemnul

Shops:
D:2 ?   D:7 [


Message History

Press: ? - help, Shift-Dir - straight line, f - centaur
Aim: a centaur, wielding a +0 shortbow and quivering arrows (90% to hit)
The searing ray hits the centaur!
The centaur is severely wounded. (Press . to maintain the ray.)
The centaur shoots an arrow.
The arrow hits you!
The searing ray hits the centaur!
You kill the centaur!
Vehumet accepts your kill.
Magic restored.
A water moccasin comes into view.
Aiming: Magic Dart (safe; 1% risk of failure)
Press: ? - help, Q - select action, (/) - cycle Shift-Dir - straight line, f - water moccasin
Aim: a water moccasin (wandering, hasn't noticed you, 100% to hit)
The magic dart hits the water moccasin.
The water moccasin is lightly wounded.
The water moccasin hisses angrily.
You hear a shout!
Aiming: Magic Dart (safe; 1% risk of failure)
Press: ? - help, Q - select action, (/) - cycle Shift-Dir - straight line, f/p - water moccasin
Aim: a water moccasin (lightly wounded, 100% to hit)
The magic dart hits the water moccasin.
The water moccasin is lightly wounded.
Casting: Magic Dart (safe; 1% risk of failure)
Confirm with . or Enter, or press ? or * to list all spells.
Aiming: Searing Ray (safe; 1% risk of failure)
Press: ? - help, Shift-Dir - straight line, f/p - water moccasin
Aim: a water moccasin (lightly wounded, 72% to hit)
The searing ray hits the water moccasin!
The water moccasin is severely wounded. (Press . to maintain the ray.)
A centaur warrior comes into view.
The searing ray hits the water moccasin!
You kill the water moccasin!
Vehumet accepts your kill.
The centaur warrior wields a +0 longbow.
The centaur warrior shoots an arrow.
The arrow hits you!
The centaur warrior shoots an arrow.
The arrow hits you!!
Ouch! That really hurt!
You die...

.... .# #... ... .+ #...
### #.. ..# #.##
.##..##'###..####..######
.........................
.........................
.##..##.)........ .......
# #..##....# #####.##
#.@##....##..# ####
#..............#.[.
#.....†..c.....#...
#..............#...
##.###...##..# #..# ####
#'####..###..#
'...#.............
#...#[............
#..####.###.##.##.


You could see a centaur warrior.

Vanquished Creatures
  Maggie (D:6)
  Prince Ribbit (D:8)
  A steam dragon (D:8)
  4 vampire mosquitoes (D:7)
  5 water moccasins
  A sky beast (D:6)
  An ice beast (D:5)
  5 black bears
  An ogre (D:4)
  A centaur (D:8)
  2 phantoms
  A kobold brigand (D:6)
  A scorpion (D:7)
  A water moccasin zombie (D:5)
  A water moccasin skeleton (D:6)
  A bullfrog zombie (D:5)
  2 hounds (D:5)
  5 jellies
  An orc priest (D:6)
  2 centaur skeletons (D:7)
  A gnoll shaman (D:7)
  5 iguanas
  4 orc wizards
  A hound skeleton (D:4)
  A howler monkey zombie (D:5)
  5 gnolls (D:7)
  4 adders
  2 ufetubi (D:6)
  An adder skeleton (D:4)
  3 worms
  13 orcs
  7 ball pythons
  An endoplasm (D:3)
  5 giant cockroaches
  2 goblins (D:4)
  2 hobgoblins
  6 jackals (D:4)
  4 quokkas
  3 frilled lizards
  13 kobolds
  3 rats (D:1)
124 creatures vanquished.

Vanquished Creatures (others)
  2 fulminant prisms
  4 plants (D:8)
6 creatures vanquished.

Grand Total: 130 creatures vanquished

Notes
Turn   | Place    | Note
-------+----------+-------------------------------------------
     0 | D:1      | siradein the Deep Elf Conjurer began the quest for the Orb.
     0 | D:1      | Reached XP level 1. HP: 10/10 MP: 6/6
   328 | D:1      | Reached XP level 2. HP: 15/15 MP: 4/8
   331 | D:1      | Learned a level 2 spell: Searing Ray
   375 | D:1      | Found a faded altar of an unknown god.
   928 | D:2      | Reached skill level 5 in Conjurations
  1168 | D:2      | Reached XP level 3. HP: 19/19 MP: 0/10
  1837 | D:2      | Found Juigum's Magic Scroll Shop.
  1843 | D:2      | Bought a scroll of identify for 22 gold pieces
  1946 | D:3      | Learned a level 3 spell: Dazzling Flash
  2520 | D:3      | Reached XP level 4. HP: 24/24 MP: 8/12
  2755 | D:4      | Learned a level 4 spell: Fulminant Prism
  3033 | D:4      | Reached skill level 6 in Conjurations
  3067 | D:4      | Noticed a phantom
  3079 | D:4      | Killed a phantom
  3080 | D:4      | Reached skill level 5 in Spellcasting
  3080 | D:4      | Reached XP level 5. HP: 13/28 MP: 5/14
  3085 | D:4      | Learned a level 4 spell: Iskenderun's Mystic Blast
  3293 | D:4      | Noticed an ogre
  3649 | D:4      | Noticed a black bear
  3653 | D:4      | Killed a black bear
  3654 | D:4      | Reached skill level 7 in Conjurations
  3654 | D:4      | Reached XP level 6. HP: 32/32 MP: 10/16
  3842 | D:5      | Entered Level 5 of the Dungeon
  4021 | D:5      | Reached skill level 8 in Conjurations
  4123 | D:5      | Reached XP level 7. HP: 36/36 MP: 18/18
  5143 | D:5      | Found a sacrificial altar of Ru.
  5147 | D:5      | Found a hide-covered altar of Uskayaw.
  5152 | D:5      | Found a stormy altar of Qazlal.
  5536 | D:6      | Reached skill level 9 in Conjurations
  5677 | D:6      | Noticed Maggie
  5687 | D:6      | Killed Maggie
  5688 | D:6      | Reached XP level 8. HP: 23/41 MP: 7/22
  5902 | D:6      | Found a radiant altar of Vehumet.
  5933 | D:6      | Became a worshipper of Vehumet
  5981 | D:6      | Reached skill level 10 in Conjurations
  6854 | D:6      | Found a basalt altar of Yredelemnul.
  7049 | D:6      | Found a white marble altar of Elyvilon.
  7130 | D:6      | Found an iron altar of Okawaru.
  7130 | D:6      | Found a broken altar of Ashenzari.
  7157 | D:7      | Reached skill level 11 in Conjurations
  7164 | D:7      | Reached XP level 9. HP: 10/45 MP: 15/24
  7637 | D:7      | Found a staircase to the Ecumenical Temple.
  7665 | D:7      | Found Zaluso Ehuo's Antique Armour Boutique.
  7668 | D:7      | Bought a pair of runed boots for 142 gold pieces
  7668 | D:7      | Bought a pair of glowing gloves for 142 gold pieces
  8067 | D:7      | Reached skill level 10 in Spellcasting
  8206 | D:7      | Reached * piety under Vehumet
  8206 | D:7      | Offered knowledge of Shock by Vehumet.
  8207 | D:7      | Reached skill level 12 in Conjurations
  8680 | D:8      | Found a staircase to the Lair.
  8870 | D:8      | Noticed Prince Ribbit
  8878 | D:8      | Killed Prince Ribbit
  9063 | D:8      | Noticed a centaur warrior
  9065 | D:8      | Shot with an arrow by a centaur warrior

Illustrated notes

Levels and vault maps discovered:
D:1:      dpeg_arrival_rooms_with_view, layout_loops_ring,
          basic_ecumenical_altar
D:2:      layout_loops_corners, serial_shops, shop
D:3:      layout_loops_ring
D:4:      layout_basic
D:5:      layout_layer_cave, grunt_temple_overflow_diamond
D:6:      layout_loops_ring, kennysheep_ying_yang,
          nicolae_overflow_crystal_walls, gammafunk_temple_overflow_elements,
          serial_rivers, chequers_serial_rivers_small_3,
          chequers_serial_rivers_micro_e, chequers_serial_rivers_room_b,
          chequers_serial_rivers_small_b, chequers_serial_rivers_micro_a,
          chequers_serial_rivers_marsh, minivault_5, abandoned_shop, uniq_maggie
D:7:      layout_loops_cross, minmay_temple_entry_junction,
          serial_co_window_serial, co_window_paths_b, co_window_cross_1,
          co_window_paths_b, co_window_of_opportunity_a,
          co_window_of_opportunity_a, co_window_broadway_c,
          co_window_broadway_a, co_window_unsneaky_path_e, co_window_paths_e,
          glass_columns_c, serial_shops, nicolae_shop_window_shopping
D:8:      layout_gridville, dpeg_oklobed_lair, minmay_fractal_squares_5,
          uniq_harold, uniq_prince_ribbit1

Skill      XL: |  1  2  3  4  5  6  7  8  9 |
---------------+----------------------------+-----
Conjurations   | 5 6 7 8 9 11 12 | 12.9
Spellcasting   | 4 5 6 8 9 10 | 10.9
Dodging        | |  2.4
Stealth        | |  2.4

Action                   |  1- 3 |  4- 6 |  7- 9 || total
-------------------------+-------+-------+-------++-------
 Cast: Magic Dart        |    64 |    42 |    88 ||   194
       Searing Ray       |     4 |    10 |    50 ||    64
       Dazzling Flash    |       |     1 |     3 ||     4
       Fulminant Prism   |       |       |     2 ||     2
  Use: Scroll            |     5 |     3 |     1 ||     9
       Potion            |       |       |     1 ||     1
Armor: Robe              |       |     2 |     1 ||     3
       Leather armour    |       |       |     5 ||     5
Dodge: Dodged            |     2 |     3 |    20 ||    25
Block: Buckler           |       |       |     1 ||     1

Table legend: (Time is in decaauts)
 A = Elapsed time spent in this place.
 B = Non-inter-level travel time spent in this place.
 C = Inter-level travel time spent in this place.
 D = Time resting spent in this place.
 E = Time spent auto-exploring this place.
 F = Levels seen in this place.
 G = Mean time per level.
                   A        B        C        D        E       F      G
               +--------+--------+--------+--------+--------+-----+--------+
         Total |   9063 |   8842 |    221 |    230 |   7593 |   8 | 1132.9 |
       Dungeon |   9063 |   8842 |    221 |    230 |   7593 |   8 | 1132.9 |
               +--------+--------+--------+--------+--------+-----+--------+

Top non-repeatable levels by time:
     D:5: 1706 daAuts
     D:7: 1505 daAuts
     D:6: 1425 daAuts
     D:4: 1223 daAuts
     D:2: 1098 daAuts
     D:3: 847 daAuts
     D:1: 841 daAuts
     D:8: 414 daAuts
